[ PARTIDA AOE2 · #484159898 ]
Team RMMalayos vs Britons
[ ANÁLISIS DE REPETICIÓN · EXTRAÍDO DE LA PARTIDA GRABADA ]
Feudal
11:02
Castillos
13:34
Imperial
31:02
| APM promedio | 47.4 |
| APM pico | 95 |
| eAPM promedio | 33.6 |
| Aldeanos / militares | 283 / 611 |
Foco
⚔️ 42.1% · 🌾 57.9%
Skirmisher ×308 · Battle Elephant ×158 · Trade Cart ×106 · Militia ×64 · Trebuchet (Packed) ×24 · Spearman ×24
Feudal
9:16
Castillos
18:14
Imperial
35:13
| APM promedio | 48.3 |
| APM pico | 86 |
| eAPM promedio | 24.6 |
| Aldeanos / militares | 194 / 305 |
Foco
⚔️ 36.3% · 🌾 63.7%
Battle Elephant ×192 · Trade Cart ×88 · Skirmisher ×80 · Bombard Cannon ×15 · Cavalry Archer ×10 · Monk ×5
Feudal
9:05
Castillos
20:14
Imperial
33:09
| APM promedio | 48.9 |
| APM pico | 111 |
| eAPM promedio | 25.0 |
| Aldeanos / militares | 187 / 741 |
Foco
⚔️ 40.7% · 🌾 59.3%
Scout Cavalry ×544 · Knight ×181 · Trade Cart ×46 · Spearman ×4 · Trebuchet (Packed) ×4 · Galley ×2
Feudal
8:53
Castillos
20:51
Imperial
33:28
| APM promedio | 39.6 |
| APM pico | 89 |
| eAPM promedio | 15.5 |
| Aldeanos / militares | 166 / 207 |
Foco
⚔️ 38.0% · 🌾 62.0%
Mangudai ×156 · Trade Cart ×37 · Battering Ram ×32 · Scout Cavalry ×10 · Trebuchet (Packed) ×4 · Camel Scout ×3
Feudal
11:01
Castillos
14:39
Imperial
38:57
| APM promedio | 53.5 |
| APM pico | 120 |
| eAPM promedio | 21.5 |
| Aldeanos / militares | 152 / 300 |
Foco
⚔️ 47.0% · 🌾 53.0%
Spearman ×152 · Archer ×80 · Scout Cavalry ×51 · Trade Cart ×25 · Trebuchet (Packed) ×7 · Skirmisher ×5
Feudal
11:14
Castillos
14:48
Imperial
32:18
| APM promedio | 34.9 |
| APM pico | 77 |
| eAPM promedio | 20.5 |
| Aldeanos / militares | 157 / 745 |
Foco
⚔️ 41.1% · 🌾 58.9%
Archer ×297 · Spearman ×243 · Scout Cavalry ×192 · Trade Cart ×36 · Monk ×5 · Militia ×5
Mapa de la partida
Recursos al inicio + cada clic de construcción. Línea gruesa = muro · recuadro discontinuo = muro de casas detectado. 🟡 oro · ⚪ piedra · 🟢 bayas · 🔶 jabalí · ⭕ reliquia
Inputs por minuto
— gggmeuer - - Tilt Eulenspiegel
Build order — gggmeuer
Primeras 150 de 1338 acciones detectadas
| 0:01 | Crear | Villager (Male) |
| 0:01 | Crear | Villager (Male) |
| 0:01 | Crear | Villager (Male) |
| 0:01 | Crear | Villager (Male) |
| 0:01 | Crear | Villager (Male) |
| 0:01 | Crear | Villager (Male) |
| 0:02 | Construir | House |
| 0:03 | Construir | House |
| 1:32 | Crear | Villager (Male) |
| 1:32 | Crear | Villager (Male) |
| 1:32 | Crear | Villager (Male) |
| 1:32 | Crear | Villager (Male) |
| 1:32 | Crear | Villager (Male) |
| 1:32 | Crear | Villager (Male) |
| 1:32 | Crear | Villager (Male) |
| 1:32 | Crear | Villager (Male) |
| 1:57 | Construir | Lumber Camp |
| 1:59 | Crear | Villager (Male) |
| 1:59 | Crear | Villager (Male) |
| 1:59 | Crear | Villager (Male) |
| 1:59 | Crear | Villager (Male) |
| 1:59 | Crear | Villager (Male) |
| 1:59 | Crear | Villager (Male) |
| 1:59 | Crear | Villager (Male) |
| 1:59 | Crear | Villager (Male) |
| 1:59 | Crear | Villager (Male) |
| 2:34 | Crear | Villager (Male) |
| 2:34 | Crear | Villager (Male) |
| 2:35 | Crear | Villager (Male) |
| 2:35 | Crear | Villager (Male) |
| 2:35 | Crear | Villager (Male) |
| 2:35 | Crear | Villager (Male) |
| 2:35 | Crear | Villager (Male) |
| 2:35 | Crear | Villager (Male) |
| 2:35 | Crear | Villager (Male) |
| 3:14 | Crear | Villager (Male) |
| 3:14 | Crear | Villager (Male) |
| 3:14 | Crear | Villager (Male) |
| 3:14 | Crear | Villager (Male) |
| 3:15 | Crear | Villager (Male) |
| 3:15 | Crear | Villager (Male) |
| 3:15 | Crear | Villager (Male) |
| 3:15 | Crear | Villager (Male) |
| 3:30 | Construir | House |
| 3:31 | Construir | House |
| 3:46 | Crear | Villager (Male) |
| 3:46 | Crear | Villager (Male) |
| 3:46 | Crear | Villager (Male) |
| 3:46 | Crear | Villager (Male) |
| 3:46 | Crear | Villager (Male) |
| 3:46 | Crear | Villager (Male) |
| 3:46 | Crear | Villager (Male) |
| 4:12 | Crear | Villager (Male) |
| 4:12 | Crear | Villager (Male) |
| 4:12 | Crear | Villager (Male) |
| 4:12 | Crear | Villager (Male) |
| 4:12 | Crear | Villager (Male) |
| 4:12 | Crear | Villager (Male) |
| 4:12 | Crear | Villager (Male) |
| 4:12 | Crear | Villager (Male) |
| 4:22 | Crear | Villager (Male) |
| 4:22 | Crear | Villager (Male) |
| 4:22 | Crear | Villager (Male) |
| 4:22 | Crear | Villager (Male) |
| 4:22 | Crear | Villager (Male) |
| 4:22 | Crear | Villager (Male) |
| 4:22 | Crear | Villager (Male) |
| 4:22 | Crear | Villager (Male) |
| 5:01 | Construir | House |
| 5:07 | Crear | Villager (Male) |
| 5:07 | Crear | Villager (Male) |
| 5:07 | Crear | Villager (Male) |
| 5:07 | Crear | Villager (Male) |
| 5:07 | Crear | Villager (Male) |
| 5:07 | Crear | Villager (Male) |
| 5:07 | Crear | Villager (Male) |
| 5:07 | Crear | Villager (Male) |
| 5:29 | Crear | Villager (Male) |
| 5:29 | Crear | Villager (Male) |
| 5:29 | Crear | Villager (Male) |
| 5:29 | Crear | Villager (Male) |
| 5:59 | Crear | Villager (Male) |
| 6:01 | Construir | Mill |
| 6:43 | Construir | House |
| 6:48 | Construir | Palisade Wall |
| 7:01 | Crear | Villager (Male) |
| 7:26 | Construir | Farm |
| 7:29 | Crear | Villager (Male) |
| 7:36 | Construir | Farm |
| 7:43 | Construir | Farm |
| 8:06 | Crear | Villager (Male) |
| 8:38 | Construir | Mining Camp |
| 8:54 | Crear | Villager (Male) |
| 9:09 | Construir | Palisade Wall |
| 9:13 | Crear | Villager (Male) |
| 9:42 | Crear | Villager (Male) |
| 9:42 | Investigar | Feudal Age |
| 9:42 | Investigar | Feudal Age |
| 9:57 | Construir | House |
| 10:25 | Construir | Farm |
| 10:41 | Crear | Villager (Male) |
| 10:41 | Crear | Villager (Male) |
| 11:02 | Edad | Edad Feudal |
| 11:06 | Construir | Market |
| 11:13 | Construir | Blacksmith |
| 11:28 | Construir | Palisade Wall |
| 11:58 | Investigar | Castle Age |
| 11:58 | Investigar | Castle Age |
| 11:58 | Investigar | Castle Age |
| 12:17 | Construir | Building 796 |
| 12:47 | Investigar | Horse Collar |
| 12:47 | Investigar | Double-Bit Axe |
| 12:47 | Investigar | Double-Bit Axe |
| 13:20 | Crear | Villager (Male) |
| 13:20 | Crear | Villager (Male) |
| 13:34 | Edad | Edad de los Castillos |
| 14:28 | Construir | Town Center |
| 14:29 | Crear | Villager (Male) |
| 14:29 | Crear | Villager (Male) |
| 15:11 | Crear | Villager (Male) |
| 15:11 | Crear | Villager (Male) |
| 15:11 | Crear | Villager (Male) |
| 15:13 | Investigar | Loom |
| 15:15 | Construir | Lumber Camp |
| 15:34 | Crear | Villager (Male) |
| 15:35 | Crear | Villager (Male) |
| 15:42 | Construir | Palisade Wall |
| 15:49 | Construir | Town Center |
| 15:52 | Crear | Villager (Male) |
| 15:53 | Investigar | Wheelbarrow |
| 16:11 | Crear | Villager (Male) |
| 16:16 | Construir | Palisade Wall |
| 16:20 | Crear | Villager (Male) |
| 16:24 | Construir | Farm |
| 16:25 | Construir | Farm |
| 16:26 | Construir | Farm |
| 16:32 | Crear | Villager (Male) |
| 16:53 | Construir | Farm |
| 16:55 | Construir | Farm |
| 17:01 | Construir | Farm |
| 17:05 | Construir | Farm |
| 17:07 | Construir | Farm |
| 17:09 | Crear | Villager (Male) |
| 17:11 | Crear | Villager (Male) |
| 17:11 | Crear | Villager (Male) |
| 17:21 | Construir | Farm |
| 17:23 | Construir | House |
| 17:24 | Construir | House |
| 17:29 | Crear | Villager (Male) |
| 17:37 | Crear | Villager (Male) |
Build order — Tilt Eulenspiegel
Primeras 150 de 717 acciones detectadas
| 0:00 | Crear | Villager (Male) |
| 0:00 | Crear | Villager (Male) |
| 0:01 | Crear | Villager (Male) |
| 0:02 | Construir | House |
| 0:02 | Construir | House |
| 0:06 | Crear | Villager (Male) |
| 1:18 | Crear | Villager (Male) |
| 1:52 | Construir | Lumber Camp |
| 2:01 | Crear | Villager (Male) |
| 2:27 | Crear | Villager (Male) |
| 2:54 | Crear | Villager (Male) |
| 3:16 | Crear | Villager (Male) |
| 3:36 | Crear | Villager (Male) |
| 3:46 | Construir | House |
| 3:57 | Crear | Villager (Male) |
| 3:57 | Crear | Villager (Male) |
| 4:41 | Crear | Villager (Male) |
| 4:49 | Construir | Mill |
| 5:09 | Crear | Villager (Male) |
| 5:37 | Investigar | Loom |
| 5:52 | Construir | Palisade Wall |
| 6:16 | Crear | Villager (Male) |
| 6:39 | Crear | Villager (Male) |
| 6:44 | Construir | Palisade Wall |
| 7:06 | Investigar | Feudal Age |
| 8:03 | Construir | House |
| 8:06 | Construir | Palisade Wall |
| 8:08 | Construir | Palisade Wall |
| 8:49 | Crear | Villager (Male) |
| 8:56 | Construir | Barracks |
| 9:16 | Edad | Edad Feudal |
| 9:29 | Crear | Villager (Male) |
| 9:53 | Construir | Stable |
| 9:58 | Investigar | Horse Collar |
| 10:01 | Investigar | Double-Bit Axe |
| 10:06 | Crear | Villager (Male) |
| 10:14 | Crear | Villager (Male) |
| 10:18 | Investigar | Horse Collar |
| 10:25 | Construir | Farm |
| 10:38 | Crear | Scout Cavalry |
| 10:39 | Construir | Farm |
| 10:41 | Construir | Farm |
| 10:59 | Construir | Farm |
| 11:02 | Construir | Farm |
| 11:03 | Crear | Villager (Male) |
| 11:06 | Construir | House |
| 11:08 | Investigar | Town Watch |
| 11:25 | Crear | Villager (Male) |
| 11:30 | Construir | House |
| 11:43 | Crear | Villager (Male) |
| 11:45 | Construir | Farm |
| 12:08 | Crear | Villager (Male) |
| 12:16 | Crear | Scout Cavalry |
| 12:27 | Crear | Villager (Male) |
| 12:32 | Construir | Mining Camp |
| 12:50 | Crear | Scout Cavalry |
| 12:56 | Crear | Villager (Male) |
| 13:17 | Crear | Villager (Male) |
| 13:21 | Construir | House |
| 13:22 | Construir | House |
| 13:46 | Construir | Farm |
| 13:48 | Construir | Farm |
| 13:54 | Crear | Villager (Male) |
| 14:12 | Crear | Villager (Male) |
| 14:21 | Construir | Blacksmith |
| 14:39 | Crear | Villager (Male) |
| 15:25 | Construir | House |
| 15:26 | Construir | House |
| 15:34 | Investigar | Castle Age |
| 16:11 | Investigar | Gold Mining |
| 16:32 | Construir | Farm |
| 16:49 | Crear | Villager (Male) |
| 18:14 | Edad | Edad de los Castillos |
| 18:18 | Construir | Town Center |
| 18:20 | Construir | Town Center |
| 18:23 | Investigar | Bow Saw |
| 18:23 | Crear | Villager (Male) |
| 18:52 | Crear | Villager (Male) |
| 18:56 | Crear | Villager (Male) |
| 18:58 | Construir | Farm |
| 18:58 | Construir | Farm |
| 18:58 | Construir | Farm |
| 18:59 | Construir | Farm |
| 19:12 | Crear | Villager (Male) |
| 19:21 | Investigar | Wheelbarrow |
| 19:32 | Investigar | Scale Barding Armor |
| 19:32 | Crear | Villager (Male) |
| 19:35 | Crear | Villager (Male) |
| 19:50 | Crear | Villager (Male) |
| 20:08 | Construir | Farm |
| 20:08 | Construir | Farm |
| 20:08 | Construir | Farm |
| 20:17 | Crear | Villager (Male) |
| 20:18 | Crear | Villager (Male) |
| 20:21 | Construir | House |
| 20:21 | Construir | House |
| 20:27 | Crear | Villager (Male) |
| 20:40 | Construir | Farm |
| 20:41 | Construir | Farm |
| 20:41 | Construir | Farm |
| 20:48 | Crear | Villager (Male) |
| 20:50 | Crear | Villager (Male) |
| 21:05 | Construir | Farm |
| 21:06 | Construir | Farm |
| 21:06 | Construir | Farm |
| 21:17 | Crear | Villager (Male) |
| 21:19 | Construir | Farm |
| 21:20 | Crear | Villager (Male) |
| 21:28 | Crear | Villager (Male) |
| 21:35 | Construir | House |
| 21:36 | Construir | House |
| 21:47 | Crear | Villager (Male) |
| 21:50 | Crear | Villager (Male) |
| 21:54 | Construir | Market |
| 21:57 | Crear | Villager (Male) |
| 22:01 | Crear | Villager (Male) |
| 22:12 | Construir | Farm |
| 22:12 | Construir | Farm |
| 22:13 | Crear | Villager (Male) |
| 22:19 | Crear | Villager (Male) |
| 22:26 | Crear | Villager (Male) |
| 22:32 | Construir | Farm |
| 22:32 | Construir | Farm |
| 22:32 | Construir | Farm |
| 22:38 | Crear | Villager (Male) |
| 22:38 | Crear | Villager (Male) |
| 22:49 | Construir | Town Center |
| 22:54 | Construir | Farm |
| 22:54 | Crear | Villager (Male) |
| 22:55 | Crear | Villager (Male) |
| 22:57 | Crear | Villager (Male) |
| 23:12 | Construir | Farm |
| 23:12 | Crear | Villager (Male) |
| 23:13 | Crear | Villager (Male) |
| 23:18 | Crear | Villager (Male) |
| 23:24 | Crear | Villager (Male) |
| 23:26 | Construir | Farm |
| 23:30 | Crear | Villager (Male) |
| 23:33 | Construir | Monastery |
| 23:36 | Construir | Farm |
| 23:37 | Crear | Villager (Male) |
| 23:47 | Crear | Villager (Male) |
| 23:55 | Crear | Villager (Male) |
| 23:55 | Crear | Villager (Male) |
| 23:58 | Construir | Farm |
| 23:58 | Crear | Villager (Male) |
| 24:01 | Construir | House |
| 24:02 | Construir | House |
| 24:03 | Construir | House |
| 24:06 | Crear | Villager (Male) |
Build order — Pl0tterGhost
Primeras 150 de 819 acciones detectadas
| 0:02 | Crear | Villager (Male) |
| 0:02 | Crear | Villager (Male) |
| 0:02 | Crear | Villager (Male) |
| 0:02 | Crear | Villager (Male) |
| 0:02 | Crear | Villager (Male) |
| 0:04 | Construir | House |
| 0:05 | Construir | House |
| 1:23 | Crear | Villager (Male) |
| 1:41 | Construir | Lumber Camp |
| 1:55 | Crear | Villager (Male) |
| 2:40 | Crear | Villager (Male) |
| 2:58 | Crear | Villager (Male) |
| 3:18 | Construir | House |
| 3:39 | Crear | Villager (Male) |
| 3:46 | Crear | Villager (Male) |
| 3:46 | Crear | Villager (Male) |
| 4:39 | Crear | Villager (Male) |
| 4:39 | Crear | Villager (Male) |
| 4:40 | Crear | Villager (Male) |
| 4:46 | Construir | Mill |
| 4:57 | Construir | House |
| 4:59 | Crear | Villager (Male) |
| 5:00 | Crear | Villager (Male) |
| 5:40 | Crear | Villager (Male) |
| 5:40 | Crear | Villager (Male) |
| 6:53 | Construir | Barracks |
| 7:02 | Investigar | Feudal Age |
| 7:02 | Investigar | Feudal Age |
| 7:02 | Investigar | Loom |
| 7:14 | Crear | Villager (Male) |
| 8:08 | Construir | House |
| 8:46 | Construir | House |
| 9:05 | Edad | Edad Feudal |
| 9:13 | Construir | Stable |
| 9:19 | Investigar | Double-Bit Axe |
| 9:31 | Crear | Villager (Male) |
| 9:33 | Investigar | Horse Collar |
| 9:52 | Crear | Villager (Male) |
| 9:55 | Construir | Farm |
| 9:58 | Crear | Scout Cavalry |
| 9:59 | Crear | Scout Cavalry |
| 9:59 | Crear | Villager (Male) |
| 10:09 | Construir | Lumber Camp |
| 10:36 | Construir | Farm |
| 10:41 | Crear | Villager (Male) |
| 10:42 | Crear | Scout Cavalry |
| 10:57 | Construir | House |
| 10:59 | Construir | Palisade Wall |
| 11:07 | Crear | Villager (Male) |
| 11:11 | Construir | Farm |
| 11:14 | Crear | Villager (Male) |
| 11:43 | Crear | Scout Cavalry |
| 11:48 | Construir | Farm |
| 11:53 | Construir | Farm |
| 11:59 | Crear | Villager (Male) |
| 12:07 | Crear | Villager (Male) |
| 12:12 | Construir | Farm |
| 12:13 | Construir | Farm |
| 12:31 | Crear | Spearman |
| 12:32 | Crear | Villager (Male) |
| 12:39 | Crear | Villager (Male) |
| 12:44 | Construir | Lumber Camp |
| 12:56 | Construir | House |
| 12:59 | Crear | Villager (Male) |
| 13:11 | Construir | Farm |
| 13:22 | Crear | Villager (Male) |
| 13:23 | Crear | Scout Cavalry |
| 13:27 | Construir | Farm |
| 13:30 | Crear | Spearman |
| 13:39 | Construir | Farm |
| 13:50 | Crear | Villager (Male) |
| 13:50 | Crear | Villager (Male) |
| 13:58 | Construir | House |
| 14:07 | Construir | Farm |
| 14:21 | Construir | Blacksmith |
| 14:48 | Crear | Villager (Male) |
| 14:50 | Construir | Farm |
| 14:53 | Construir | Farm |
| 14:56 | Construir | Farm |
| 15:02 | Construir | Farm |
| 15:08 | Crear | Villager (Male) |
| 15:10 | Crear | Villager (Male) |
| 15:11 | Crear | Villager (Male) |
| 15:26 | Construir | Mining Camp |
| 15:44 | Crear | Villager (Male) |
| 15:59 | Crear | Villager (Male) |
| 16:01 | Construir | Farm |
| 16:46 | Crear | Villager (Male) |
| 16:55 | Construir | Farm |
| 16:55 | Construir | Farm |
| 16:56 | Construir | Farm |
| 17:48 | Investigar | Castle Age |
| 17:48 | Investigar | Castle Age |
| 18:02 | Construir | Stable |
| 18:05 | Construir | House |
| 18:07 | Construir | House |
| 18:14 | Investigar | Scale Barding Armor |
| 19:07 | Investigar | Bloodlines |
| 19:30 | Investigar | Forging |
| 20:02 | Crear | Villager (Male) |
| 20:14 | Edad | Edad de los Castillos |
| 20:17 | Construir | Town Center |
| 20:23 | Construir | Town Center |
| 20:25 | Investigar | Bow Saw |
| 20:26 | Investigar | Gold Mining |
| 20:27 | Crear | Villager (Male) |
| 20:29 | Crear | Knight |
| 20:29 | Crear | Knight |
| 20:31 | Crear | Villager (Male) |
| 20:31 | Crear | Villager (Male) |
| 20:38 | Crear | Villager (Male) |
| 20:48 | Construir | Farm |
| 20:51 | Construir | Farm |
| 20:53 | Construir | Farm |
| 20:55 | Crear | Villager (Male) |
| 21:00 | Construir | Farm |
| 21:01 | Crear | Villager (Male) |
| 21:05 | Construir | Farm |
| 21:06 | Construir | Farm |
| 21:07 | Construir | Farm |
| 21:08 | Construir | Farm |
| 21:11 | Construir | Farm |
| 21:19 | Crear | Knight |
| 21:19 | Crear | Knight |
| 21:35 | Construir | Building 800 |
| 21:39 | Crear | Knight |
| 21:39 | Crear | Knight |
| 21:40 | Crear | Villager (Male) |
| 21:41 | Crear | Villager (Male) |
| 21:50 | Crear | Villager (Male) |
| 21:50 | Crear | Villager (Male) |
| 22:03 | Crear | Villager (Male) |
| 22:05 | Crear | Villager (Male) |
| 22:05 | Crear | Villager (Male) |
| 22:16 | Construir | Dock |
| 22:25 | Construir | Dock |
| 22:36 | Crear | Knight |
| 22:36 | Crear | Villager (Male) |
| 22:37 | Crear | Villager (Male) |
| 22:37 | Crear | Villager (Male) |
| 22:37 | Crear | Villager (Male) |
| 22:44 | Construir | Farm |
| 22:50 | Crear | Villager (Male) |
| 23:06 | Crear | Villager (Male) |
| 23:07 | Crear | Knight |
| 23:08 | Crear | Knight |
| 23:11 | Construir | House |
| 23:11 | Construir | House |
| 23:13 | Construir | House |
| 23:14 | Construir | House |
Build order — Meiershark
Primeras 150 de 496 acciones detectadas
| 0:01 | Crear | Villager (Male) ×4 |
| 0:02 | Construir | House |
| 0:03 | Construir | House |
| 1:35 | Crear | Villager (Male) |
| 1:35 | Crear | Villager (Male) |
| 2:04 | Crear | Villager (Male) |
| 2:07 | Crear | Villager (Male) |
| 2:16 | Construir | Lumber Camp |
| 2:42 | Crear | Villager (Male) |
| 2:43 | Crear | Villager (Male) |
| 3:04 | Crear | Villager (Male) |
| 3:18 | Crear | Villager (Male) |
| 3:31 | Construir | House |
| 3:40 | Construir | House |
| 3:41 | Construir | House |
| 3:47 | Crear | Villager (Male) |
| 4:02 | Construir | House |
| 4:33 | Crear | Villager (Male) |
| 4:33 | Crear | Villager (Male) |
| 4:35 | Crear | Villager (Male) |
| 4:42 | Construir | House |
| 4:51 | Construir | House |
| 5:19 | Construir | Mill |
| 6:11 | Crear | Villager (Male) |
| 6:25 | Crear | Villager (Male) |
| 6:43 | Investigar | Feudal Age |
| 6:43 | Investigar | Feudal Age |
| 7:23 | Crear | Villager (Male) |
| 7:23 | Crear | Villager (Male) |
| 7:29 | Construir | Palisade Wall |
| 7:37 | Construir | Barracks |
| 7:43 | Construir | Barracks |
| 8:05 | Crear | Villager (Male) |
| 8:09 | Investigar | Loom |
| 8:14 | Construir | Palisade Wall |
| 8:15 | Construir | Palisade Wall |
| 8:53 | Edad | Edad Feudal |
| 8:58 | Construir | Stable |
| 9:02 | Crear | Villager (Male) |
| 9:19 | Crear | Villager (Male) |
| 9:45 | Crear | Scout Cavalry |
| 9:45 | Crear | Scout Cavalry |
| 9:47 | Crear | Villager (Male) |
| 9:57 | Construir | House |
| 10:08 | Crear | Villager (Male) |
| 10:15 | Construir | Farm |
| 10:20 | Investigar | Double-Bit Axe |
| 10:41 | Construir | Farm |
| 10:41 | Construir | Farm |
| 10:42 | Construir | Farm |
| 10:48 | Construir | House |
| 11:00 | Crear | Villager (Male) |
| 11:01 | Crear | Villager (Male) |
| 11:04 | Construir | Farm |
| 11:04 | Construir | Farm |
| 11:04 | Construir | Farm |
| 11:09 | Crear | Scout Cavalry |
| 11:10 | Crear | Scout Cavalry |
| 11:10 | Crear | Scout Cavalry |
| 11:13 | Crear | Villager (Male) |
| 11:19 | Construir | Farm |
| 11:23 | Construir | Farm |
| 11:42 | Construir | House |
| 11:43 | Construir | House |
| 11:45 | Crear | Villager (Male) |
| 11:46 | Crear | Scout Cavalry |
| 12:01 | Crear | Villager (Male) |
| 12:10 | Construir | House |
| 12:11 | Construir | House |
| 12:13 | Crear | Villager (Male) |
| 12:52 | Crear | Villager (Male) |
| 12:53 | Crear | Scout Cavalry |
| 13:19 | Crear | Villager (Male) |
| 13:19 | Crear | Villager (Male) |
| 13:21 | Crear | Scout Cavalry |
| 13:48 | Crear | Villager (Male) |
| 13:48 | Crear | Villager (Male) |
| 13:51 | Construir | Farm |
| 13:51 | Construir | Farm |
| 13:51 | Construir | Farm |
| 13:51 | Construir | Farm |
| 13:51 | Construir | Farm |
| 13:56 | Construir | Farm |
| 13:57 | Construir | Farm |
| 13:57 | Construir | Farm |
| 13:57 | Construir | Farm |
| 14:26 | Crear | Villager (Male) |
| 14:26 | Crear | Villager (Male) |
| 14:31 | Construir | House |
| 14:48 | Crear | Villager (Male) |
| 14:51 | Construir | Farm |
| 14:57 | Crear | Villager (Male) |
| 15:11 | Construir | House |
| 15:20 | Crear | Villager (Male) |
| 15:41 | Crear | Villager (Male) |
| 15:45 | Construir | Mining Camp |
| 16:07 | Crear | Villager (Male) |
| 16:07 | Crear | Villager (Male) |
| 16:13 | Construir | House |
| 16:33 | Construir | Blacksmith |
| 16:38 | Construir | Blacksmith |
| 16:39 | Crear | Villager (Male) |
| 16:43 | Crear | Scout Cavalry |
| 16:43 | Crear | Scout Cavalry |
| 16:47 | Crear | Villager (Male) |
| 16:52 | Construir | House |
| 16:53 | Construir | House |
| 17:32 | Investigar | Scale Barding Armor |
| 17:33 | Crear | Villager (Male) |
| 18:08 | Crear | Villager (Male) |
| 18:09 | Investigar | Castle Age |
| 18:24 | Construir | House |
| 18:25 | Construir | House |
| 18:55 | Investigar | Forging |
| 18:57 | Crear | Villager (Male) |
| 18:58 | Crear | Villager (Male) |
| 19:37 | Investigar | Bloodlines |
| 20:17 | Crear | Villager (Male) |
| 20:17 | Crear | Villager (Male) |
| 20:18 | Construir | Farm |
| 20:19 | Construir | Farm |
| 20:20 | Construir | Farm |
| 20:22 | Construir | Farm |
| 20:23 | Construir | Farm |
| 20:28 | Investigar | Horse Collar |
| 20:42 | Crear | Villager (Male) |
| 20:50 | Investigar | Wheelbarrow |
| 20:51 | Edad | Edad de los Castillos |
| 20:58 | Construir | Town Center |
| 21:10 | Construir | Town Center |
| 21:11 | Crear | Villager (Male) |
| 21:36 | Crear | Villager (Male) |
| 21:36 | Crear | Villager (Male) |
| 21:57 | Construir | House |
| 21:57 | Construir | House |
| 21:58 | Construir | House |
| 22:00 | Crear | Villager (Male) |
| 22:28 | Crear | Villager (Male) |
| 22:29 | Crear | Villager (Male) |
| 22:44 | Crear | Villager (Male) |
| 22:44 | Crear | Villager (Male) |
| 22:52 | Crear | Villager (Male) |
| 22:53 | Crear | Villager (Male) |
| 23:00 | Investigar | Bow Saw |
| 23:16 | Crear | Camel Scout |
| 23:16 | Crear | Camel Scout |
| 23:24 | Crear | Villager (Male) |
| 23:24 | Crear | Villager (Male) |
| 23:25 | Crear | Villager (Male) |
| 23:25 | Crear | Villager (Male) |
Build order — Hastur
Primeras 150 de 472 acciones detectadas
| 0:04 | Construir | House |
| 0:05 | Construir | House |
| 0:06 | Crear | Villager (Male) |
| 0:06 | Crear | Villager (Male) |
| 0:07 | Crear | Villager (Male) |
| 0:07 | Crear | Villager (Male) |
| 1:18 | Crear | Villager (Male) |
| 1:43 | Crear | Villager (Male) |
| 1:56 | Construir | Lumber Camp |
| 2:12 | Crear | Villager (Male) |
| 2:46 | Crear | Villager (Male) |
| 2:46 | Crear | Villager (Male) |
| 3:13 | Crear | Villager (Male) |
| 3:33 | Construir | House |
| 3:40 | Crear | Villager (Male) |
| 4:30 | Crear | Villager (Male) |
| 4:38 | Crear | Villager (Male) |
| 4:51 | Crear | Villager (Male) |
| 5:03 | Crear | Villager (Male) |
| 5:32 | Crear | Villager (Male) |
| 5:34 | Construir | House |
| 5:47 | Crear | Villager (Male) |
| 6:10 | Crear | Villager (Male) |
| 6:16 | Crear | Villager (Male) |
| 6:21 | Construir | Mining Camp |
| 6:56 | Crear | Villager (Male) |
| 7:38 | Crear | Villager (Male) |
| 8:46 | Investigar | Feudal Age |
| 9:20 | Crear | Villager (Male) |
| 9:20 | Investigar | Loom |
| 9:40 | Construir | Mill |
| 10:12 | Construir | House |
| 10:17 | Crear | Villager (Male) |
| 10:51 | Construir | Barracks |
| 11:01 | Edad | Edad Feudal |
| 11:07 | Construir | Market |
| 11:09 | Construir | Blacksmith |
| 11:41 | Construir | Palisade Wall |
| 11:47 | Construir | House |
| 11:59 | Investigar | Castle Age |
| 12:09 | Crear | Villager (Male) |
| 12:12 | Construir | Palisade Wall |
| 12:12 | Construir | Palisade Wall |
| 12:53 | Crear | Villager (Male) |
| 13:20 | Construir | Palisade Wall |
| 13:21 | Construir | Palisade Wall |
| 13:24 | Construir | Palisade Wall |
| 13:27 | Crear | Villager (Male) |
| 13:39 | Crear | Villager (Male) |
| 13:48 | Crear | Spearman |
| 14:17 | Construir | Archery Range |
| 14:22 | Construir | Archery Range |
| 14:39 | Edad | Edad de los Castillos |
| 14:47 | Crear | Spearman |
| 15:01 | Construir | Farm |
| 15:03 | Construir | Farm |
| 15:13 | Crear | Villager (Male) |
| 15:16 | Crear | Archer |
| 15:18 | Crear | Archer |
| 15:24 | Investigar | Fletching |
| 15:29 | Investigar | Double-Bit Axe |
| 15:37 | Crear | Villager (Male) |
| 15:39 | Crear | Archer |
| 15:39 | Crear | Archer |
| 16:01 | Crear | Archer |
| 16:02 | Crear | Archer |
| 16:12 | Construir | Farm |
| 16:12 | Construir | Farm |
| 16:12 | Construir | Farm |
| 16:13 | Construir | Farm |
| 16:13 | Construir | Farm |
| 16:14 | Crear | Villager (Male) |
| 16:24 | Construir | House |
| 16:51 | Investigar | Crossbowman (upgrade) |
| 17:04 | Construir | Lumber Camp |
| 17:12 | Crear | Villager (Male) |
| 17:20 | Crear | Villager (Male) |
| 17:22 | Crear | Archer |
| 17:23 | Crear | Archer |
| 17:41 | Crear | Villager (Male) |
| 17:44 | Construir | House |
| 17:47 | Crear | Archer |
| 17:47 | Crear | Archer |
| 18:12 | Construir | Farm |
| 18:31 | Investigar | Bodkin Arrow |
| 18:57 | Crear | Archer |
| 18:57 | Crear | Archer |
| 18:57 | Crear | Archer |
| 19:06 | Crear | Villager (Male) |
| 19:09 | Construir | House |
| 19:10 | Construir | House |
| 19:26 | Crear | Archer |
| 19:27 | Crear | Archer |
| 19:33 | Crear | Villager (Male) |
| 19:38 | Construir | Farm |
| 19:39 | Construir | Farm |
| 19:39 | Construir | Farm |
| 19:39 | Construir | Farm |
| 19:39 | Construir | Farm |
| 19:40 | Construir | Farm |
| 20:00 | Crear | Villager (Male) |
| 20:18 | Crear | Villager (Male) |
| 20:29 | Crear | Archer |
| 20:29 | Crear | Archer |
| 20:39 | Construir | Town Center |
| 20:44 | Crear | Villager (Male) |
| 20:53 | Crear | Archer |
| 20:53 | Crear | Archer |
| 20:53 | Crear | Archer |
| 20:58 | Crear | Villager (Male) |
| 21:13 | Crear | Villager (Male) |
| 21:29 | Crear | Archer |
| 21:29 | Crear | Archer |
| 21:29 | Crear | Archer |
| 21:39 | Construir | Farm |
| 21:48 | Construir | House |
| 21:49 | Construir | House |
| 21:50 | Construir | House |
| 21:51 | Construir | House |
| 21:59 | Crear | Archer |
| 21:59 | Crear | Archer |
| 22:03 | Investigar | Padded Archer Armor |
| 22:13 | Crear | Villager (Male) |
| 22:16 | Construir | Farm |
| 22:17 | Crear | Villager (Male) |
| 22:29 | Crear | Archer |
| 22:29 | Crear | Archer |
| 22:34 | Crear | Villager (Male) |
| 22:38 | Construir | Farm |
| 22:43 | Crear | Villager (Male) |
| 22:46 | Crear | Archer |
| 22:51 | Crear | Villager (Male) |
| 23:09 | Crear | Villager (Male) |
| 23:20 | Crear | Villager (Male) |
| 23:27 | Crear | Archer |
| 23:27 | Crear | Archer |
| 23:35 | Crear | Villager (Male) |
| 23:53 | Crear | Villager (Male) |
| 23:57 | Crear | Villager (Male) |
| 24:05 | Crear | Villager (Male) |
| 24:12 | Crear | Villager (Male) |
| 24:24 | Crear | Villager (Male) |
| 24:29 | Construir | House |
| 24:30 | Construir | House |
| 24:31 | Construir | House |
| 24:32 | Construir | House |
| 24:40 | Crear | Archer |
| 24:41 | Crear | Archer |
| 24:41 | Crear | Archer |
| 24:41 | Crear | Villager (Male) |
Build order — grilleth
Primeras 150 de 633 acciones detectadas
| 0:00 | Crear | Villager (Male) |
| 0:01 | Crear | Villager (Male) |
| 0:02 | Construir | House |
| 0:04 | Construir | House |
| 0:13 | Crear | Villager (Male) |
| 0:13 | Crear | Villager (Male) |
| 1:19 | Crear | Villager (Male) |
| 1:41 | Crear | Villager (Male) |
| 2:02 | Construir | Lumber Camp |
| 2:33 | Crear | Villager (Male) |
| 2:47 | Crear | Villager (Male) |
| 3:18 | Crear | Villager (Male) |
| 3:29 | Construir | House |
| 3:44 | Crear | Villager (Male) |
| 4:11 | Crear | Villager (Male) |
| 4:11 | Crear | Villager (Male) |
| 4:16 | Construir | House |
| 4:32 | Crear | Villager (Male) |
| 4:32 | Crear | Villager (Male) |
| 4:47 | Construir | Mill |
| 6:01 | Crear | Villager (Male) |
| 6:01 | Crear | Villager (Male) |
| 6:38 | Crear | Villager (Male) |
| 7:18 | Crear | Villager (Male) |
| 7:49 | Crear | Villager (Male) |
| 8:00 | Crear | Villager (Male) |
| 8:25 | Crear | Villager (Male) |
| 8:27 | Investigar | Feudal Age |
| 8:46 | Construir | Mining Camp |
| 9:10 | Construir | House |
| 9:50 | Crear | Villager (Male) |
| 9:51 | Crear | Villager (Male) |
| 10:40 | Construir | Palisade Wall |
| 10:41 | Construir | Palisade Wall |
| 10:58 | Crear | Villager (Male) |
| 10:58 | Crear | Villager (Male) |
| 11:14 | Edad | Edad Feudal |
| 11:20 | Construir | Market |
| 11:22 | Construir | Blacksmith |
| 11:35 | Construir | Palisade Wall |
| 11:52 | Construir | Palisade Wall |
| 12:08 | Investigar | Castle Age |
| 12:10 | Investigar | Loom |
| 12:19 | Construir | Palisade Wall |
| 12:26 | Construir | Palisade Wall |
| 12:28 | Construir | Palisade Wall |
| 12:30 | Crear | Villager (Male) |
| 12:40 | Crear | Villager (Male) |
| 12:46 | Construir | Lumber Camp |
| 13:09 | Construir | House |
| 13:29 | Crear | Villager (Male) |
| 13:37 | Construir | House |
| 14:06 | Construir | Barracks |
| 14:39 | Construir | Palisade Wall |
| 14:41 | Construir | Palisade Wall |
| 14:43 | Construir | Palisade Wall |
| 14:48 | Edad | Edad de los Castillos |
| 14:51 | Construir | House |
| 14:57 | Construir | Town Center |
| 15:03 | Construir | Town Center |
| 15:10 | Investigar | Double-Bit Axe |
| 15:33 | Crear | Villager (Male) |
| 15:44 | Investigar | Horse Collar |
| 15:44 | Investigar | Horse Collar |
| 15:55 | Crear | Villager (Male) |
| 16:05 | Crear | Villager (Male) |
| 16:07 | Construir | Farm |
| 16:12 | Crear | Villager (Male) |
| 16:21 | Crear | Villager (Male) |
| 16:22 | Construir | Farm |
| 16:23 | Crear | Villager (Male) |
| 16:29 | Crear | Villager (Male) |
| 16:29 | Crear | Villager (Male) |
| 16:44 | Construir | Farm |
| 16:45 | Crear | Villager (Male) |
| 16:45 | Crear | Villager (Male) |
| 16:50 | Construir | Palisade Wall |
| 16:53 | Construir | Palisade Wall |
| 16:57 | Construir | Farm |
| 17:00 | Construir | Palisade Wall |
| 17:06 | Crear | Villager (Male) |
| 17:13 | Crear | Spearman |
| 17:13 | Crear | Spearman |
| 17:17 | Construir | Farm |
| 17:18 | Construir | Farm |
| 17:21 | Crear | Villager (Male) |
| 17:24 | Construir | Farm |
| 17:34 | Crear | Villager (Male) |
| 17:37 | Construir | Farm |
| 17:37 | Crear | Villager (Male) |
| 17:38 | Crear | Villager (Male) |
| 17:49 | Crear | Spearman |
| 17:52 | Construir | Farm |
| 18:00 | Construir | Farm |
| 18:00 | Crear | Villager (Male) |
| 18:09 | Construir | Farm |
| 18:09 | Crear | Villager (Male) |
| 18:15 | Construir | Farm |
| 18:27 | Crear | Villager (Male) |
| 18:30 | Construir | Farm |
| 18:32 | Construir | Farm |
| 18:41 | Construir | Farm |
| 18:42 | Crear | Villager (Male) |
| 18:42 | Crear | Villager (Male) |
| 18:49 | Construir | House |
| 18:58 | Construir | Farm |
| 18:59 | Crear | Villager (Male) |
| 19:02 | Construir | Farm |
| 19:09 | Investigar | Bow Saw |
| 19:15 | Construir | Farm |
| 19:17 | Construir | Farm |
| 19:27 | Crear | Villager (Male) |
| 19:31 | Construir | Mining Camp |
| 19:46 | Construir | House |
| 19:47 | Construir | House |
| 19:52 | Crear | Spearman |
| 19:53 | Crear | Spearman |
| 19:53 | Crear | Villager (Male) |
| 20:02 | Construir | Palisade Wall |
| 20:03 | Construir | Palisade Wall |
| 20:07 | Crear | Villager (Male) |
| 20:08 | Crear | Villager (Male) |
| 20:14 | Construir | Farm |
| 20:16 | Construir | Farm |
| 20:20 | Construir | Farm |
| 20:20 | Crear | Villager (Male) |
| 20:21 | Crear | Villager (Male) |
| 20:31 | Crear | Villager (Male) |
| 20:32 | Crear | Villager (Male) |
| 20:38 | Construir | Farm |
| 20:56 | Crear | Villager (Male) |
| 20:56 | Crear | Villager (Male) |
| 20:59 | Construir | Mill |
| 21:00 | Construir | Farm |
| 21:00 | Construir | Farm |
| 21:00 | Construir | Farm |
| 21:01 | Construir | Farm |
| 21:01 | Construir | Farm |
| 21:01 | Construir | Farm |
| 21:01 | Construir | Farm |
| 21:02 | Construir | Farm |
| 21:07 | Crear | Villager (Male) |
| 21:08 | Crear | Villager (Male) |
| 21:12 | Construir | House |
| 21:13 | Construir | House |
| 21:24 | Crear | Villager (Male) |
| 21:24 | Crear | Villager (Male) |
| 21:35 | Crear | Villager (Male) |
| 21:45 | Construir | Farm |
| 21:50 | Investigar | Heavy Plow |
Cronología de la partida
| 5:52 | Tilt Eulenspiegel · wall_segment Palisade Wall x4 |
| 6:44 | Tilt Eulenspiegel · wall_segment Palisade Wall x6 |
| 6:48 | gggmeuer · wall_segment Palisade Wall x9 |
| 6:53 | Pl0tterGhost · first_building Barracks |
| 7:29 | Meiershark · wall_segment Palisade Wall x7 |
| 7:37 | Meiershark · first_building Barracks |
| 8:06 | Tilt Eulenspiegel · wall_segment Palisade Wall x6 |
| 8:08 | Tilt Eulenspiegel · wall_segment Palisade Wall x1 |
| 8:14 | Meiershark · wall_segment Palisade Wall x1 |
| 8:15 | Meiershark · wall_segment Palisade Wall x1 |
| 8:53 | Meiershark · age_up feudal |
| 8:56 | Tilt Eulenspiegel · first_building Barracks |
| 8:58 | Meiershark · first_building Stable |
| 9:05 | Pl0tterGhost · age_up feudal |
| 9:09 | gggmeuer · wall_segment Palisade Wall x7 |
| 9:13 | Pl0tterGhost · first_building Stable |
| 9:16 | Tilt Eulenspiegel · age_up feudal |
| 9:53 | Tilt Eulenspiegel · first_building Stable |
| 10:40 | grilleth · wall_segment Palisade Wall x1 |
| 10:41 | grilleth · wall_segment Palisade Wall x1 |
| 10:51 | Hastur · first_building Barracks |
| 10:59 | Pl0tterGhost · wall_segment Palisade Wall x6 |
| 11:01 | Hastur · age_up feudal |
| 11:02 | gggmeuer · age_up feudal |
| 11:14 | grilleth · age_up feudal |
| 11:28 | gggmeuer · wall_segment Palisade Wall x1 |
| 11:35 | grilleth · wall_segment Palisade Wall x1 |
| 11:41 | Hastur · wall_segment Palisade Wall x9 |
| 11:52 | grilleth · wall_segment Palisade Wall x7 |
| 11:57 | Hastur · first_market_sell 100 wood |
| 11:58 | Hastur · first_market_buy 100 food |
| 12:12 | Hastur · wall_segment Palisade Wall x9 |
| 12:12 | Hastur · wall_segment Palisade Wall x2 |
| 12:19 | grilleth · wall_segment Palisade Wall x10 |
| 12:26 | grilleth · wall_segment Palisade Wall x7 |
| 12:28 | grilleth · wall_segment Palisade Wall x7 |
| 13:20 | Hastur · wall_segment Palisade Wall x1 |
| 13:21 | Hastur · wall_segment Palisade Wall x1 |
| 13:24 | Hastur · wall_segment Palisade Wall x1 |
| 13:34 | gggmeuer · age_up castle |
| 14:06 | grilleth · first_building Barracks |
| 14:17 | Hastur · first_building Archery Range |
| 14:39 | Hastur · age_up castle |
| 14:39 | grilleth · wall_segment Palisade Wall x1 |
| 14:41 | grilleth · wall_segment Palisade Wall x1 |
| 14:43 | grilleth · wall_segment Palisade Wall x1 |
| 14:48 | grilleth · age_up castle |
| 14:54 | gggmeuer · first_market_buy 100 wood |
| 15:42 | gggmeuer · wall_segment Palisade Wall x1 |
| 16:16 | gggmeuer · wall_segment Palisade Wall x1 |
| 16:50 | grilleth · wall_segment Palisade Wall x1 |
| 16:53 | grilleth · wall_segment Palisade Wall x1 |
| 17:00 | grilleth · wall_segment Palisade Wall x1 |
| 18:14 | Tilt Eulenspiegel · age_up castle |
| 19:08 | grilleth · first_market_buy 100 wood |
| 19:37 | gggmeuer · first_building Barracks |
| 20:02 | grilleth · wall_segment Palisade Wall x1 |
| 20:03 | grilleth · wall_segment Palisade Wall x1 |
| 20:14 | Pl0tterGhost · age_up castle |
| 20:20 | gggmeuer · first_building Stable |
| 20:51 | Meiershark · age_up castle |
| 21:53 | gggmeuer · first_building Monastery |
| 22:16 | Pl0tterGhost · first_building Dock |
| 22:45 | Tilt Eulenspiegel · first_market_buy 100 wood |
| 23:33 | Tilt Eulenspiegel · first_building Monastery |
| 23:48 | gggmeuer · first_building Siege Workshop |
| 23:54 | grilleth · wall_segment Stone Wall x25 |
| 24:20 | grilleth · wall_segment Palisade Wall x1 |
| 24:35 | Tilt Eulenspiegel · first_building Archery Range |
| 24:44 | grilleth · first_building Monastery |
| 24:57 | grilleth · wall_segment Stone Wall x7 |
| 26:13 | grilleth · first_building Archery Range |
| 27:15 | grilleth · wall_segment Stone Wall x11 |
| 27:20 | grilleth · wall_segment Stone Wall x10 |
| 27:27 | Hastur · first_building Castle |
| 27:38 | grilleth · wall_segment Stone Wall x10 |
| 27:52 | gggmeuer · first_market_sell 100 wood |
| 28:07 | Pl0tterGhost · first_building Monastery |
| 28:08 | grilleth · wall_segment Stone Wall x15 |
| 28:19 | grilleth · first_market_sell 100 food |
| 28:51 | Meiershark · first_building Castle |
| 29:00 | Meiershark · first_market_buy 100 food |
| 29:06 | Hastur · first_building Monastery |
| 30:52 | Meiershark · first_building Dock |
| 31:02 | gggmeuer · age_up imperial |
| 31:28 | Tilt Eulenspiegel · first_building Siege Workshop |
| 31:52 | Tilt Eulenspiegel · wall_segment Stone Wall x24 |
| 32:18 | grilleth · age_up imperial |
| 32:58 | Tilt Eulenspiegel · wall_segment Stone Wall x12 |
| 33:00 | Tilt Eulenspiegel · wall_segment Stone Wall x3 |
| 33:04 | Meiershark · first_building Monastery |
| 33:06 | Tilt Eulenspiegel · wall_segment Stone Wall x1 |
| 33:09 | Pl0tterGhost · age_up imperial |
| 33:28 | Meiershark · age_up imperial |
| 34:00 | grilleth · first_building Castle |
| 34:15 | Pl0tterGhost · first_building Castle |
| 34:20 | gggmeuer · first_building Castle |
| 34:43 | Tilt Eulenspiegel · wall_segment Stone Wall x11 |
| 34:52 | Meiershark · first_market_sell 100 food |
| 35:13 | Tilt Eulenspiegel · age_up imperial |
| 35:23 | gggmeuer · wall_segment Stone Wall x21 |
| 35:23 | Tilt Eulenspiegel · first_market_sell 500 wood |
| 35:58 | Pl0tterGhost · first_market_sell 100 food |
| 36:21 | Tilt Eulenspiegel · first_building Castle |
| 36:40 | Tilt Eulenspiegel · wall_segment Stone Wall x8 |
| 37:40 | Meiershark · first_building Archery Range |
| 37:56 | Tilt Eulenspiegel · wall_segment Stone Wall x5 |
| 38:05 | Tilt Eulenspiegel · wall_segment Stone Wall x9 |
| 38:10 | gggmeuer · wall_segment Stone Wall x12 |
| 38:15 | gggmeuer · wall_segment Stone Wall x4 |
| 38:26 | gggmeuer · wall_segment Stone Wall x5 |
| 38:57 | Hastur · age_up imperial |
| 40:23 | Hastur · first_building Siege Workshop |
| 41:22 | Tilt Eulenspiegel · wall_segment Stone Wall x7 |
| 41:25 | Tilt Eulenspiegel · wall_segment Stone Wall x6 |
| 41:31 | gggmeuer · wall_segment Stone Wall x5 |
| 42:22 | Meiershark · wall_segment Stone Wall x10 |
| 43:39 | gggmeuer · first_building Archery Range |
| 44:00 | grilleth · first_building Siege Workshop |
| 47:49 | Meiershark · wall_segment Stone Wall x9 |
| 49:18 | Meiershark · first_building Siege Workshop |
| 51:07 | grilleth · first_building Stable |
| 51:22 | Meiershark · tribute_sent a jugador 1 |
| 51:22 | Meiershark · tribute_sent a jugador 2 |
| 51:22 | Meiershark · tribute_sent a jugador 4 |
| 51:22 | Meiershark · tribute_sent a jugador 5 |
| 51:22 | Meiershark · tribute_sent a jugador 6 |
| 51:24 | Tilt Eulenspiegel · tribute_sent a jugador 2 |
| 51:24 | Tilt Eulenspiegel · tribute_sent a jugador 3 |
| 51:24 | Tilt Eulenspiegel · tribute_sent a jugador 4 |
| 51:24 | Tilt Eulenspiegel · tribute_sent a jugador 5 |
| 51:24 | Tilt Eulenspiegel · tribute_sent a jugador 6 |
| 53:17 | Tilt Eulenspiegel · tribute_sent a jugador 2 |
| 53:17 | Tilt Eulenspiegel · tribute_sent a jugador 3 |
| 53:17 | Tilt Eulenspiegel · tribute_sent a jugador 4 |
| 53:17 | Tilt Eulenspiegel · tribute_sent a jugador 5 |
| 53:17 | Tilt Eulenspiegel · tribute_sent a jugador 6 |
| 53:21 | Meiershark · tribute_sent a jugador 1 |
| 53:21 | Meiershark · tribute_sent a jugador 2 |
| 53:21 | Meiershark · tribute_sent a jugador 4 |
| 53:21 | Meiershark · tribute_sent a jugador 5 |
| 53:21 | Meiershark · tribute_sent a jugador 6 |
| 55:59 | Tilt Eulenspiegel · tribute_sent a jugador 2 |
| 55:59 | Tilt Eulenspiegel · tribute_sent a jugador 3 |
| 55:59 | Tilt Eulenspiegel · tribute_sent a jugador 4 |
| 55:59 | Tilt Eulenspiegel · tribute_sent a jugador 5 |
| 55:59 | Tilt Eulenspiegel · tribute_sent a jugador 6 |
| 57:51 | Tilt Eulenspiegel · tribute_sent a jugador 2 |
| 57:51 | Tilt Eulenspiegel · tribute_sent a jugador 3 |
| 57:51 | Tilt Eulenspiegel · tribute_sent a jugador 4 |
| 57:51 | Tilt Eulenspiegel · tribute_sent a jugador 5 |
| 57:52 | Tilt Eulenspiegel · tribute_sent a jugador 6 |
| 57:57 | Meiershark · tribute_sent a jugador 1 |
| 57:57 | Meiershark · tribute_sent a jugador 2 |
| 57:57 | Meiershark · tribute_sent a jugador 4 |
| 57:57 | Meiershark · tribute_sent a jugador 5 |
| 57:57 | Meiershark · tribute_sent a jugador 6 |
| 59:03 | Pl0tterGhost · wall_segment Stone Wall x10 |
| 59:08 | Pl0tterGhost · wall_segment Stone Wall x14 |
| 60:13 | Pl0tterGhost · tribute_sent a jugador 1 |
| 60:13 | Pl0tterGhost · tribute_sent a jugador 3 |
| 60:13 | Pl0tterGhost · tribute_sent a jugador 4 |
| 60:13 | Pl0tterGhost · tribute_sent a jugador 5 |
| 60:13 | Pl0tterGhost · tribute_sent a jugador 6 |
| 60:14 | Tilt Eulenspiegel · tribute_sent a jugador 2 |
| 60:14 | Tilt Eulenspiegel · tribute_sent a jugador 3 |
| 60:14 | Tilt Eulenspiegel · tribute_sent a jugador 4 |
| 60:14 | Tilt Eulenspiegel · tribute_sent a jugador 5 |
| 60:14 | Tilt Eulenspiegel · tribute_sent a jugador 6 |
| 60:56 | Hastur · tribute_sent a jugador 1 |
| 60:56 | Hastur · tribute_sent a jugador 2 |
| 60:56 | Hastur · tribute_sent a jugador 3 |
| 60:56 | Hastur · tribute_sent a jugador 5 |
| 60:56 | Hastur · tribute_sent a jugador 6 |
| 61:37 | Hastur · first_building Stable |
| 64:23 | Tilt Eulenspiegel · tribute_sent a jugador 2 |
| 64:23 | Tilt Eulenspiegel · tribute_sent a jugador 3 |
| 64:23 | Tilt Eulenspiegel · tribute_sent a jugador 4 |
| 64:23 | Tilt Eulenspiegel · tribute_sent a jugador 5 |
| 64:23 | Tilt Eulenspiegel · tribute_sent a jugador 6 |
| 66:15 | Tilt Eulenspiegel · tribute_sent a jugador 2 |
| 66:15 | Tilt Eulenspiegel · tribute_sent a jugador 3 |
| 66:15 | Tilt Eulenspiegel · tribute_sent a jugador 4 |
| 66:15 | Tilt Eulenspiegel · tribute_sent a jugador 5 |
| 66:15 | Tilt Eulenspiegel · tribute_sent a jugador 6 |
| 66:52 | Tilt Eulenspiegel · tribute_sent a jugador 2 |
| 66:52 | Tilt Eulenspiegel · tribute_sent a jugador 3 |
| 66:52 | Tilt Eulenspiegel · tribute_sent a jugador 4 |
| 66:52 | Tilt Eulenspiegel · tribute_sent a jugador 5 |
| 66:52 | Tilt Eulenspiegel · tribute_sent a jugador 6 |
| 67:17 | Hastur · resign |
[ ANÁLISIS IA · 1 CRÉDITO ]
¿Qué pasó realmente en esta partida?
Wolo.gg analiza cada decisión: build order, eco, micro, errores típicos por bracket. Análisis personalizado por WhatsApp o Discord en 30 segundos.
Guía civ
Malayos
Guía mapa
MegaRandom
Perfil
gggmeuer